AoeStats
← Cainer Rallmund

Arena

505960505Analyzed
4v4 RM · 19d ago on Sep 11, 2026· 27m 48s· 8 players
Game mode
Random Map
Map size
Large (8 player)
Population
200
Speed
Normal
Resources
Standard
Victory
Conquest
Starting age
Dark Age
Ending age
Imperial Age
RankedLock teamsTeams togetherTeam positionsShared explorationLock speedFull tech treeHidden civsTurbo modeCheats
Victory
Defeat
🇩🇪 Jurchens · Germany
1125
+12
🇬🇧 Magyars · United Kingdom
1040
+15
🇬🇧 Romans · United Kingdom
1023
+16
🇧🇪 Slavs · Belgium
1022
+16
🇩🇪 Khmer · Germany
1111
-18
🇩🇪 Persians · Germany
1074
-17
🇺🇸 Koreans · United States
984
-13
🇺🇸 Goths · United States
936
-11
KTaylor954488
11:31 Feudal Age
17:11 Castle Age
16:56 Horse Collar
17:05 Double-Bit Axe
19:41 Bow Saw
20:11 Loom
24:50 Wheelbarrow
25:33 Corvinian Army
25:42 Fletching
26:58 Scale Barding Armor
27:21 Heavy Plow
CriPe FusIonz
10:31 Feudal Age
14:37 Castle Age
16:53 Scale Mail Armor
17:59 Forging
19:13 Double-Bit Axe
20:56 Chain Mail Armor
22:24 Squires
24:21 Forging
25:40 Iron Casting
AndersonGym
0:26 Loom
10:17 Feudal Age
13:41 Wheelbarrow
16:23 Castle Age
15:08 Double-Bit Axe
17:23 Bow Saw
18:50 Horse Collar
stanny
11:46 Feudal Age
16:14 Castle Age
14:04 Double-Bit Axe
14:17 Horse Collar
17:46 Bow Saw
17:38 Heavy Plow
21:22 Loom
26:17 Wheelbarrow
26:09 Squires
25:30 Pikeman
27:49 Hand Cart
I Chris I4718
10:33 Feudal Age
15:19 Castle Age
17:15 Horse Collar
20:11 Heavy Plow
20:02 Double-Bit Axe
28:42 Imperial Age
25:59 Loom
26:51 Bow Saw
26:57 Stone Mining
26:57 Gold Mining
26:32 Man-at-Arms
Blitz818
9:15 Feudal Age
15:56 Castle Age
21:34 Fletching
21:32 Crossbowman
25:00 Wheelbarrow
25:47 Bodkin Arrow
25:32 Elite Skirmisher
wubalabadubdub
0:51 Loom
9:35 Feudal Age
10:27 Double-Bit Axe
10:25 Horse Collar
19:57 Castle Age
18:44 Forging
18:37 Stone Mining
18:54 Gold Mining
19:29 Scale Mail Armor
20:04 Fletching
Cainer Rallmund
7:25 Loom
8:02 Loom
10:11 Feudal Age
14:57 Castle Age
20:45 Town Watch
24:46 Wheelbarrow
24:18 Town Patrol
25:27 Horse Collar
25:34 Double-Bit Axe
26:21 Hand Cart
Connection lost

Rejoining the realm…

Still unreachable

The connection could not be restored.

Session expired

The server has moved on; the page needs a fresh start.